Map: King's Cove LE

Players

Kelazhur

  • Race: Terran Terran
  • Spawn Location: 5:00

Hellraiser - Winner!

  • Race: Protoss Protoss
  • Spawn Location: 11:00

Event: 2019 WCS Summer

VOD

Have the link to the VOD?

Description

Time

  • Played on: July 13, 2019, 6:54 a.m.
  • Length: 11:57

All games in this series

Show
View Real Time Build Order
Export as new Build Order

Kelazhur Terran 

Build Orders: Gas First Reaper Expand, Banshee Rush 

Get SALT Encoding   

  12  0:00  SCV  
  13  0:12  SCV  
  14  0:17  Supply Depot  
  14  0:24  SCV  
  15  0:28  Refinery  
  15  0:39  SCV  
  16  0:45  Barracks  
  16  0:51  SCV  
  17  1:03  SCV  
  18  1:15  SCV  
  19  1:32  Orbital Command, Reaper  
  20  1:47  Command Center  
  20  1:58  SCV  
  21  2:01  Factory  
  21  2:07  Barracks Reactor  
  21  2:10  SCV  
  21  2:13  Supply Depot  
  22  2:21  Refinery  
  22  2:22  SCV  
  23  2:35  SCV  
  24  2:48  Starport  
  24  2:51  SCV  
  25  2:54  Hellion  
  25  2:55  Hellion  
  29  2:58  Orbital Command  
  29  3:03  Orbital Command, SCV  
  30  3:09  Barracks Tech Lab  
  30  3:17  Hellion x2  
  30  3:19  SCV  
  35  3:29  SCV  
  35  3:33  Banshee, Cloaking Field  
  39  3:36  SCV  
  40  3:41  SCV  
  40  3:42  Supply Depot  
  40  3:48  SCV  
  40  3:53  SCV  
  40  3:55  Factory Tech Lab  
  42  4:00  SCV  
  41  4:03  Marine x2  
  41  4:06  SCV  
  44  4:10  Supply Depot  
  44  4:12  SCV  
  44  4:15  Cyclone  
  48  4:18  SCV  
  48  4:21  Marine x2  
  47  4:24  Banshee, SCV  
  47  4:27  Mag-Field Accelerator  
  47  4:30  SCV  
  50  4:33  Engineering Bay  
  50  4:35  Bunker  
  50  4:37  SCV  
  51  4:39  Marine x2  
  51  4:43  SCV  
  54  4:46  Supply Depot  
  54  4:47  Cyclone  
  54  4:50  SCV  
  58  4:55  Barracks, SCV  
  58  4:57  Marine x2  
  61  5:02  SCV, Missile Turret  
  62  5:11  Missile Turret  
  62  5:13  SCV  
  62  5:15  Marine x2  
  58  5:23  SCV  
  59  5:29  SCV  
  59  5:33  Marine x2  
  63  5:35  SCV  
  63  5:40  Terran Infantry Weapons Level 1  
  63  5:41  Barracks, Refinery x2, SCV  
  64  5:43  Supply Depot  
  64  5:44  Starport Reactor  
  64  5:47  SCV  
  65  5:54  Marine x2  
  65  5:55  Marine  
  65  5:56  Stimpack  
  68  6:03  SCV x2  
  70  6:05  Siege Tank  
  73  6:11  Supply Depot  
  73  6:13  Marine x2  
  72  6:21  Marauder  
  72  6:24  SCV x2  
  76  6:26  Supply Depot  
  76  6:36  Starport Reactor  
  73  6:42  Marine x2  
  73  6:43  Marauder  
  73  6:45  Siege Tank  
  77  6:49  SCV x2  
  79  6:54  Marine  
  79  6:55  Marine  
  79  6:58  Supply Depot  
  79  7:00  Command Center  
  81  7:03  Barracks  
  81  7:04  Barracks  
  81  7:06  Marauder, Marine x2  
  85  7:13  Medivac x2  
  89  7:16  SCV  
  89  7:17  Siege Tank, SCV  
  94  7:27  Marine x4  
  98  7:32  Supply Depot  
  98  7:34  Terran Infantry Armor Level 1  
  98  7:38  SCV x2  
  98  7:39  Armory  
  100  7:47  Marine  
  100  7:48  Marine  
  102  7:51  Supply Depot  
  102  7:53  Marine x2  
  102  7:54  Marauder, Supply Depot  
  102  7:56  Barracks Tech Lab x2  
  106  7:58  Barracks Reactor  
  106  8:01  Medivac  
  108  8:09  Medivac  
  107  8:15  Orbital Command, Marauder  
  107  8:17  SCV  
  107  8:18  SCV  
  111  8:24  Marauder  
  113  8:27  Supply Depot  
  113  8:31  Medivac  
  113  8:33  Drilling Claws  
  113  8:34  Widow Mine  
  117  8:35  SCV x2  
  111  8:44  Marauder  
  111  8:45  Marine x6  
  111  8:47  SCV  
  100  8:49  Orbital Command  
  100  8:54  Marauder  
  100  8:55  Widow Mine  
  86  8:58  Medivac  
  86  9:01  Medivac  
  89  9:03  Marine  
  89  9:04  Marine  
  89  9:05  Marauder  
  93  9:11  Marine  
  93  9:14  Combat Shield  
  93  9:16  Marauder  
  95  9:20  Marine  
  91  9:25  SCV x2  
  91  9:32  Terran Infantry Weapons Level 2  
  91  9:34  Marine  
  90  9:42  Widow Mine  
  90  9:46  Marauder  
  91  9:53  Orbital Command  
  91  9:55  Marauder, SCV  
  91  9:56  SCV  
  95  10:01  Marine x2  
  97  10:08  SCV x2  
  97  10:09  Supply Depot  
  97  10:13  Marine x2  
  102  10:15  Marauder  
  102  10:20  Widow Mine x2, SCV x3  
  110  10:24  Marauder x2  
  110  10:26  Marine  
  115  10:32  Marine, SCV  
  116  10:36  Marauder  
  116  10:37  Medivac  
  116  10:38  Marine  
  116  10:41  Widow Mine x2  
  124  10:45  Marauder  
  124  10:48  Marine x2  
  124  10:49  Marauder  
  130  10:56  Marine  
  127  10:57  Marine  
  127  10:58  Marauder  
  127  11:02  Widow Mine  
  130  11:06  Marauder, Marine  
  130  11:09  Medivac x2  
  130  11:10  Marauder, Widow Mine  
  141  11:13  SCV x2  
  141  11:14  Marine x2  
  141  11:18  Marine  
  123  11:19  Marauder  
  123  11:24  Marine, Widow Mine  
  128  11:28  Marauder  
  128  11:31  Marauder  
  128  11:32  Marine x2  
Show
View Real Time Build Order
Export as new Build Order

Hellraiser Protoss - Winner!

Build Orders: 1 Gate Expand, Oracle Opening 

Get SALT Encoding   

  12  0:00  Probe  
  13  0:12  Probe  
  14  0:18  Pylon  
  14  0:22  Probe  
  15  0:32  Probe  
  15  0:37  Gateway  
  15  0:41  Probe  
  16  0:46  Assimilator  
  17  0:53  Probe  
  18  1:05  Probe  
  19  1:21  Nexus  
  19  1:24  Probe  
  20  1:34  Cybernetics Core  
  20  1:37  Probe  
  21  1:43  Assimilator  
  21  1:49  Probe  
  21  1:53  Pylon  
  22  2:00  Probe  
  22  2:02  Adept  
  23  2:08  Probe  
  26  2:17  Probe  
  26  2:21  Stargate  
  27  2:28  Probe  
  28  2:30  Probe  
  28  2:32  Adept  
  31  2:38  Warp Gate  
  31  2:40  Probe  
  31  2:41  Probe  
  32  2:52  Probe x2  
  32  2:54  Oracle  
  34  3:04  Probe x2  
  39  3:11  Pylon  
  39  3:16  Probe x2  
  41  3:24  Oracle  
  41  3:28  Probe x2  
  46  3:34  Gateway  
  46  3:39  Gateway  
  46  3:40  Probe  
  47  3:47  Probe  
  46  3:51  Shield Battery  
  46  3:52  Probe  
  47  3:59  Probe  
  47  4:00  Oracle  
  51  4:04  Probe  
  51  4:05  Pylon  
  52  4:11  Probe  
  52  4:17  Probe  
  52  4:27  Adept  
  52  4:29  Probe  
  52  4:31  Pylon  
  55  4:33  Adept x2  
  55  4:36  Nexus  
  59  4:38  Probe  
  59  4:40  Phoenix  
  59  4:41  Pylon  
  62  4:53  Stalker x2  
  65  5:01  Probe  
  65  5:02  Probe  
  66  5:10  Forge, Twilight Council  
  66  5:13  Probe  
  66  5:14  Probe  
  64  5:22  Assimilator  
  64  5:24  Assimilator  
  64  5:25  Probe  
  64  5:26  Probe, Oracle  
  62  5:31  Charge  
  62  5:35  Protoss Ground Armor Level 1  
  62  5:37  Probe  
  62  5:38  Probe  
  64  5:43  Zealot x3  
  64  5:49  Probe  
  71  5:50  Probe x2  
  73  6:01  Probe  
  73  6:02  Probe x2  
  76  6:07  Stalker  
  75  6:17  Zealot x2  
  82  6:21  Gateway  
  82  6:23  Gateway  
  79  6:27  Gateway x3  
  79  6:30  Probe  
  77  6:43  Stalker x3  
  77  6:46  Photon Cannon  
  80  6:51  Photon Cannon  
  80  6:52  Probe x3  
  83  7:03  Robotics Facility  
  83  7:04  Probe x2  
  83  7:05  Probe  
  83  7:07  Sentry  
  83  7:08  Sentry, Zealot  
  92  7:10  Pylon  
  92  7:19  Photon Cannon  
  92  7:20  Protoss Ground Armor Level 2  
  92  7:30  Zealot x4, Pylon x2  
  92  7:37  Blink  
  100  7:46  Probe  
  100  7:49  Probe x2  
  102  7:51  Observer  
  102  7:52  Zealot x4  
  110  8:00  Pylon  
  110  8:02  Robotics Bay  
  110  8:16  Zealot x2  
  110  8:17  Zealot  
  116  8:21  Zealot x4  
  116  8:23  Pylon  
  116  8:25  Pylon  
  124  8:29  Shield Battery  
  124  8:30  Shield Battery  
  124  8:33  Photon Cannon  
  122  8:44  Stalker x2  
  122  8:45  Zealot x3  
  122  8:46  Probe  
  122  8:48  Colossus  
  119  8:54  Zealot x3  
  119  8:55  Probe  
  122  8:56  Probe  
  123  9:06  Zealot x3  
  135  9:16  Probe  
  134  9:17  Probe  
  134  9:23  Stalker x2  
  140  9:29  Nexus  
  139  9:34  Pylon  
  139  9:35  Pylon  
  139  9:38  Zealot x2  
  141  9:43  Zealot  
  141  9:45  Colossus  
  139  9:48  Probe x2, Extended Thermal Lance  
  139  9:52  Probe  
  146  9:59  Forge  
  146  10:07  Assimilator  
  146  10:08  Templar Archives  
  146  10:09  Assimilator  
  146  10:14  Pylon x2  
  146  10:16  Stalker x3  
  152  10:21  Probe  
  152  10:22  Probe  
  154  10:30  Pylon  
  154  10:36  Stalker x4  
  162  10:45  High Templar x4  
  162  10:49  Archon x2  
  170  10:53  Probe  
  170  10:55  Probe, Warp Prism  
  170  10:56  Probe  
  169  10:57  Probe  
  169  11:02  Stalker x3  
  176  11:05  Probe, Pylon  
  176  11:07  Pylon  
  174  11:22  Probe  
  175  11:28  Zealot x7  
  189  11:34  Probe x2, Nexus  
  189  11:36  Pylon  
  189  11:37  Probe  
  176  11:42  Probe  
  176  11:45  High Templar  
Tags
 
Add a new tag
Caveats
  • Supply blocks, unpowered buildings, or Contaminate may cause inaccurate times.
  • Supply counts are checked every 10 seconds.